[Event "45th FIDE Olympiad 2024"]
[Site "Budapest"]
[Date "2024.09.16"]
[Round "6.72"]
[White "Lhundrup, M Dorji"]
[Black "Antonio, Kyell-Jean"]
[Result "0-1"]
[WhiteElo "1715"]
[BlackElo "1763"]
[PlyCount "61"]
[EventDate "2024.09.05"]
[EventType "team-tourn"]
[EventCountry "HUN"]
[WhiteTeam "Bhutan"]
[BlackTeam "Aruba"]
[WhiteTeamCountry "BTN"]
[BlackTeamCountry "ARN"]
[TimeControl "40/5400+30:1800+30"]

1. e4 e5 2. Nf3 Nc6 3. Bc4 Bc5 4. c3 Nf6 5. d3 d6 6. h3 O-O 7. O-O a6 8. Bb3 h6 9. Re1 Ba7 10. a4 Ne7 11. Nh4 Be6 12. Bc2 c6 13. Qf3 Ng6 14. Nf5 Bxf5 15. exf5 Nh4 16. Qg3 Nxf5 17. Qf3 Nh4 18. Qg3 Ng6 19. d4 exd4 20. Bxg6 fxg6 21. Qxg6 Nh7 22. Bxh6 Qf6 23. Re6 Qxf2+ 24. Kh1 Qf1+ 25. Kh2 Qf7 26. Nd2 Kh8 27. Qxf7 Rxf7 28. Bxg7+ Kxg7 29. Rxd6 Bb8 30. Ne4 Rd7 31. cxd4 {0-} 0-1

[Event "45th FIDE Olympiad 2024"]
[Site "Budapest"]
[Date "2024.09.16"]
[Round "6.73"]
[White "Cheparinov, Ivan"]
[Black "Amartuvshin, Ganzorig"]
[Result "1-0"]
[ECO "C54"]
[WhiteElo "2628"]
[BlackElo "2402"]
[Annotator "TA"]
[PlyCount "49"]
[EventDate "2024.09.05"]
[EventType "team-tourn"]
[EventCountry "HUN"]
[SourceTitle "playchess.com"]
[Source "ChessBase"]
[SourceQuality "1"]
[WhiteTeam "Bulgaria"]
[BlackTeam "Mongolia"]
[WhiteTeamCountry "BUL"]
[BlackTeamCountry "MGL"]
[TimeControl "40/5400+30:1800+30"]

1. e4 e5 2. Bc4 Nc6 3. Nf3 Bc5 4. d3 Nf6 5. c3 a6 6. O-O Ba7 7. a4 O-O 8. Re1 d6 9. h3 {White has an edge.} h6 10. Nbd2 Re8 11. b4 Be6 12. Bxe6 Rxe6 13. Qc2 b5 14. Nf1 d5 15. Ng3 Qd7 16. axb5 axb5 {[%cal Oa7f2] [#] ...Bxf2+! is the strong threat.} 17. Be3 dxe4 18. dxe4 {Ra3 would now be deadly.} Ree8 19. Qe2 Bxe3 20. Qxe3 Rxa1 21. Rxa1 Nb8 (21... Qc8 $1 $14) 22. Nh4 {[%cal Bf3h4,Bh4f5,Bf5g7,Bg7e6][%mdl 32] Threatens to win with Nhf5.} Kh7 23. Nhf5 {[%cal Of5g7] Strongly threatening Nxg7!} Re6 $2 {[%mdl 8192] [#]} (23... Rg8 $16 24. Ra7 Qd1+ 25. Kh2 Qd7) 24. Nxg7 $1 $18 Ng4 (24... Kxg7 25. Nf5+ Kg8 26. Qg3+ (26. Qxh6 Ne8 $18) (26. Qxh6 Ne8 $18)) (24... Rb6 $142 25. N3f5 Ng8) 25. Nxe6 {Weighted Error Value: White=0.09 (flawless) /Black=0.49.  Loses game:     	---       	Black=1      Mistake:       	---       	Black=2      Inaccurate:     	White=3     	Black=2      OK:         	White=5     	Black=4      Best:        	White=2     	Black=1      Strong:       	White=1     	---} 1-0

[Event "45th FIDE Olympiad 2024"]
[Site "Budapest"]
[Date "2024.09.16"]
[Round "6.73"]
[White "Misambo, .J. Kilasa"]
[Black "D`amico, Nicola"]
[Result "1-0"]
[WhiteElo "1959"]
[BlackElo "1801"]
[PlyCount "69"]
[EventDate "2024.09.05"]
[EventType "team-tourn"]
[EventCountry "HUN"]
[WhiteTeam "Tanzania"]
[BlackTeam "San Marino"]
[WhiteTeamCountry "TAN"]
[BlackTeamCountry "SMR"]
[TimeControl "40/5400+30:1800+30"]

1. c4 e5 2. Nc3 Nf6 3. Nf3 Nc6 4. d3 Bb4 5. Bg5 h6 6. Bh4 d6 7. a3 Bxc3+ 8. bxc3 Ne7 9. Bxf6 gxf6 10. g3 Be6 11. Bg2 Qd7 12. Rb1 Rb8 13. Nd2 b6 14. Ne4 Ng8 15. O-O Ke7 16. f4 Bh3 17. fxe5 fxe5 18. Qb3 Bxg2 19. Kxg2 f5 20. c5 d5 21. Nd2 Nf6 22. Qb4 a5 23. Qh4 bxc5 24. Rxb8 Rxb8 25. Qxh6 Rg8 26. Kg1 d4 27. c4 a4 28. Nf3 Qd6 29. Nh4 Kd8 30. Rxf5 Ng4 31. Qxd6+ cxd6 32. Rf7 Ne3 33. Ra7 Rf8 34. Ra8+ Ke7 35. Ng6+ 1-0

[Event "45th FIDE Olympiad 2024"]
[Site "Budapest"]
[Date "2024.09.16"]
[Round "6.74"]
[White "Chinguun, Sumiya"]
[Black "Naiditsch, Arkadij"]
[Result "1/2-1/2"]
[ECO "B67"]
[WhiteElo "2389"]
[BlackElo "2643"]
[Annotator "RC"]
[PlyCount "63"]
[EventDate "2024.09.05"]
[EventType "team-tourn"]
[EventCountry "HUN"]
[SourceTitle "playchess.com"]
[Source "ChessBase"]
[SourceQuality "1"]
[WhiteTeam "Mongolia"]
[BlackTeam "Bulgaria"]
[WhiteTeamCountry "MGL"]
[BlackTeamCountry "BUL"]
[TimeControl "40/5400+30:1800+30"]

1. e4 c5 2. Nf3 d6 3. d4 cxd4 4. Nxd4 Nf6 5. Nc3 Bd7 6. Bg5 e6 7. Qd2 a6 8. O-O-O h6 9. Bxf6 Qxf6 10. f4 Nc6 11. Nf3 Qd8 12. g4 Qa5 13. Kb1 O-O-O 14. Bg2 Be7 15. Qe3 g5 16. Rhe1 gxf4 17. Qxf4 Ne5 18. Nxe5 Qxe5 19. Qf2 h5 20. gxh5 Rxh5 21. Qxf7 Bf6 22. Rf1 Rh6 23. Rf3 Be8 24. Qf8 Bg7 25. Qe7 Rh8 26. Bh3 Bh5 27. Rd5 Qxh2 28. Bxe6+ Kb8 29. Rf1 Qg2 30. Rdf5 Rhe8 31. Qg5 Qxg5 32. Rxg5 1/2-1/2

[Event "45th FIDE Olympiad 2024"]
[Site "Budapest"]
[Date "2024.09.16"]
[Round "6.74"]
[White "Righi, Ezio"]
[Black "Veer, Gandhi"]
[Result "1-0"]
[WhiteElo "1909"]
[BlackElo "1792"]
[PlyCount "109"]
[EventDate "2024.09.05"]
[EventType "team-tourn"]
[EventCountry "HUN"]
[WhiteTeam "San Marino"]
[BlackTeam "Tanzania"]
[WhiteTeamCountry "SMR"]
[BlackTeamCountry "TAN"]
[TimeControl "40/5400+30:1800+30"]

1. e4 c6 2. d4 d5 3. Nc3 dxe4 4. Nxe4 Nf6 5. Nxf6+ exf6 6. c3 Bd6 7. Bd3 O-O 8. Qc2 Re8+ 9. Ne2 h5 10. O-O h4 11. h3 Nd7 12. Be3 Nf8 13. c4 Be6 14. Nf4 Qc7 15. Nxe6 Nxe6 16. d5 cxd5 17. cxd5 Qxc2 18. Bxc2 Nf4 19. Rfd1 Rac8 20. Ba4 Re4 21. Bb3 a6 22. Kf1 Ng6 23. Rac1 Ree8 24. Rc2 Rxc2 25. Bxc2 Ne7 26. Bb3 Nc8 27. a4 g6 28. Ba2 Ne7 29. Rc1 Rc8 30. Rxc8+ Nxc8 31. Ke2 Kf8 32. Kd3 Be5 33. b4 Ke7 34. Kc4 Kd7 35. f4 Bc7 36. Bb3 Nd6+ 37. Kd3 Ne8 38. Bc4 f5 39. b5 a5 40. b6 Bd6 41. Bb5+ Ke7 42. Bxe8 Kxe8 43. Kc4 Bb4 44. Bf2 Bd2 45. Bxh4 Bxf4 46. Be1 Be3 47. Bxa5 g5 48. Kd3 Bf2 49. Bd2 g4 50. a5 Kd7 51. hxg4 fxg4 52. Ke4 g3 53. Bf4 Kc8 54. Kf5 Be1 55. Kf6 1-0

[Event "45th FIDE Olympiad 2024"]
[Site "Budapest"]
[Date "2024.09.16"]
[Round "6.75"]
[White "Petrov, Martin"]
[Black "Baasansuren, Erdene"]
[Result "1-0"]
[ECO "B92"]
[WhiteElo "2536"]
[BlackElo "2368"]
[Annotator "TA"]
[PlyCount "87"]
[EventDate "2024.09.05"]
[EventType "team-tourn"]
[EventCountry "HUN"]
[SourceTitle "playchess.com"]
[Source "ChessBase"]
[SourceQuality "1"]
[WhiteTeam "Bulgaria"]
[BlackTeam "Mongolia"]
[WhiteTeamCountry "BUL"]
[BlackTeamCountry "MGL"]
[TimeControl "40/5400+30:1800+30"]

1. e4 c5 2. Nf3 d6 3. d4 cxd4 4. Nxd4 Nf6 5. Nc3 a6 6. Be2 e5 7. Nb3 Be7 8. O-O O-O 9. Qd3 Be6 10. Bd2 Nbd7 11. Nd5 Bxd5 12. exd5 {The position is equal.} a5 13. a4 Qc7 14. c4 Nc5 15. Nxc5 Qxc5 16. Ra3 Qc7 17. Qh3 Qc8 (17... Nd7 {with more complications.} 18. Rg3 Rfe8 19. b3 Bf6) 18. Qd3 Qc7 19. Kh1 Nd7 20. Qh3 Nc5 21. Bd3 {[%csl Gd3][%cal Rh3h7] [#]} e4 22. Bc2 f5 23. g4 Qb6 24. Bc3 (24. gxf5 Qxb2 25. Qc3 Qxc3 26. Rxc3 Rxf5 $16) 24... fxg4 25. Qxg4 Bf6 {And now ...Bxc3 would win.} 26. Rg1 $40 {[%cal Og4g7][%mdl 128] Threatening mate with Qxg7+! White attacks.} Bxc3 27. Rxc3 Rf7 (27... Qxb2 28. Qxg7#) (27... g6 28. Rh3 Qc7 (28... Qxb2 $2 29. Rxh7 Qf6 30. Rh6 $18) 29. Bxe4) 28. b3 {Strongly threatening Rh3.} Re8 29. Rh3 {Threatens to win with Qh5.} Nd7 $2 (29... Rxf2 30. Qxg7#) ({Black should play} 29... Re5 $11) 30. Bxe4 $16 Nf6 {[#]} (30... Qxf2 $2 {perishes.} 31. Bxh7+ (31. Rxh7 Qd4 $18) 31... Kf8 32. Bg6 $18) 31. Bxh7+ $1 Nxh7 32. Qh5 g5 $2 (32... Qxf2 $18 33. Qxh7+ Kf8) 33. Rxg5+ (33. Qg6+ $142 Kf8 34. Rxh7 Rxh7 35. Qf6+ (35. Qxh7 Qxf2 36. Qh6+ Ke7 $18) 35... Rf7 36. Qh8+ (36. Qxg5 $2 {is the wrong capture.} Qxf2 37. Qh6+ Ke7 $19) 36... Ke7 37. Re1+ Kd7 38. Qxe8+ Kc7 39. Qxf7+ Kb8 40. Qf8+ Ka7 41. Re8) 33... Kf8 $18 34. Qh6+ Ke7 35. Re5+ Kd7 36. Rxe8 Kxe8 37. Qe6+ Kf8 38. Qc8+ Ke7 39. Qe6+ $2 (39. Re3+ $18 Qxe3 40. fxe3) 39... Kf8 $11 40. Qc8+ $2 (40. Re3 $11 Qd8 41. Kg2) 40... Ke7 $18 41. Re3+ Kf6 42. Rf3+ {White mates.} Kg7 43. Rg3+ Kf6 44. Qe6# {Weighted Error Value: White=0.28 (precise) /Black=0.52.  Mistake:       	White=1     	Black=2      Inaccurate:     	White=2     	Black=2      OK:         	White=8     	Black=11     Best:        	White=2     	Black=2      Brilliant:      	White=1     	---} 1-0

[Event "45th FIDE Olympiad 2024"]
[Site "Budapest"]
[Date "2024.09.16"]
[Round "6.75"]
[White "Lusako, Shedrack"]
[Black "Grassi, Enrico"]
[Result "1/2-1/2"]
[WhiteElo "1760"]
[BlackElo "1965"]
[PlyCount "62"]
[EventDate "2024.09.05"]
[EventType "team-tourn"]
[EventCountry "HUN"]
[WhiteTeam "Tanzania"]
[BlackTeam "San Marino"]
[WhiteTeamCountry "TAN"]
[BlackTeamCountry "SMR"]
[TimeControl "40/5400+30:1800+30"]

1. d4 Nf6 2. c4 c5 3. d5 b5 4. Nc3 b4 5. Na4 d6 6. Nf3 g6 7. g3 Bg7 8. Bg2 O-O 9. O-O Bd7 10. Qc2 Qa5 11. b3 Bf5 12. Qd1 Ne4 13. Bb2 Nc3 14. Bxc3 bxc3 15. Qe1 Bd7 16. Nb2 Qa3 17. Nd3 Na6 18. Qc1 Qxc1 19. Raxc1 Nb4 20. Nxb4 cxb4 21. Ne1 a5 22. Nd3 Ra7 23. Rfe1 Rb8 24. e4 a4 25. c5 axb3 26. axb3 Ra3 27. c6 Bc8 28. e5 Kf8 29. Rb1 dxe5 30. Nxe5 Bf5 31. Be4 Bxe5 1/2-1/2

[Event "45th FIDE Olympiad 2024"]
[Site "Budapest"]
[Date "2024.09.16"]
[Round "6.76"]
[White "Amilal, Munkhdalai"]
[Black "Grigorov, Grigor"]
[Result "1/2-1/2"]
[ECO "C70"]
[WhiteElo "2374"]
[BlackElo "2514"]
[Annotator "TA"]
[PlyCount "74"]
[EventDate "2024.09.05"]
[EventType "team-tourn"]
[EventCountry "HUN"]
[SourceTitle "playchess.com"]
[Source "ChessBase"]
[SourceQuality "1"]
[WhiteTeam "Mongolia"]
[BlackTeam "Bulgaria"]
[WhiteTeamCountry "MGL"]
[BlackTeamCountry "BUL"]
[TimeControl "40/5400+30:1800+30"]

1. e4 e5 2. Nf3 Nc6 3. Bb5 a6 4. Ba4 Nge7 5. d4 exd4 6. Nxd4 Nxd4 7. Qxd4 Nc6 8. Bxc6 dxc6 9. Qxd8+ Kxd8 {The position is equal.} 10. Nc3 Be6 11. Bg5+ f6 12. O-O-O+ Kc8 13. Bd2 Bc5 14. f3 a5 15. b3 b6 16. Ne2 Re8 17. Bc3 Bd6 18. Nd4 Bd7 19. g4 c5 20. Nf5 Bf8 21. Kb1 a4 22. h4 axb3 23. axb3 c4 24. bxc4 Bxf5 25. exf5 Ra4 26. Rhe1 Rxe1 27. Rxe1 {[#] Threatens to win with Re8+.} Bb4 ({Don't play} 27... Rxc4 $6 28. Bxf6 (28. Re8+ Kd7 $15) 28... Kd7 29. Rd1+ Ke8 30. Rd4 Rxd4 31. Bxd4 $16) 28. Bxb4 Rxb4+ $14 {[%mdl 4096] Endgame. KR-KR} 29. Kc1 Kd7 {Inhibits Re7+.} 30. Re4 Ra4 31. Kb2 Rb4+ 32. Ka2 Ra4+ 33. Kb3 Ra1 34. Rd4+ Kc6 {[#]} 35. h5 $1 Rf1 36. Rd3 h6 37. Kb2 ({White should play} 37. c3 $16) 37... Re1 {Weighted Error Value: White=0.05 (flawless) /Black=0.06 (flawless) .  Mistake:       	White=1     	---        Inaccurate:     	---       	Black=3      OK:         	White=11    	Black=13     Best:        	White=3     	---        Strong:       	White=1     	---} 1/2-1/2

[Event "45th FIDE Olympiad 2024"]
[Site "Budapest"]
[Date "2024.09.16"]
[Round "6.76"]
[White "Piva, Michele"]
[Black "Henry, Marwa Michael"]
[Result "1-0"]
[WhiteElo "1721"]
[BlackElo "1715"]
[PlyCount "91"]
[EventDate "2024.09.05"]
[EventType "team-tourn"]
[EventCountry "HUN"]
[WhiteTeam "San Marino"]
[BlackTeam "Tanzania"]
[WhiteTeamCountry "SMR"]
[BlackTeamCountry "TAN"]
[TimeControl "40/5400+30:1800+30"]

1. d4 Nf6 2. c4 e6 3. Nc3 d5 4. Bf4 Bd6 5. e3 Bxf4 6. exf4 Qd6 7. g3 c5 8. Nf3 O-O 9. dxc5 Qxc5 10. Qd4 Qxd4 11. Nxd4 a6 12. Be2 dxc4 13. Bxc4 Rd8 14. Rd1 b5 15. Be2 Bb7 16. O-O Ne4 17. Ndxb5 Nc6 18. Nxe4 axb5 19. Nc5 Nd4 20. Nxb7 Nxe2+ 21. Kg2 Rd5 22. Rxd5 exd5 23. a3 Rb8 24. Nd6 Rb6 25. Nf5 Re6 26. Rd1 g6 27. Ne3 d4 28. Nc2 Rc6 29. Nxd4 Nxd4 30. Rxd4 Rc2 31. Rb4 Rc5 32. Kf3 Kf8 33. Rb3 Ke7 34. Rc3 Kd6 35. Ke3 Rd5 36. Rd3 Kc5 37. Rxd5+ Kxd5 38. Kd3 Kc5 39. b3 Kd5 40. g4 f6 41. f3 f5 42. h3 h5 43. a4 Kc5 44. axb5 Kxb5 45. Kc3 Kc5 46. b4+ 1-0

[Event "45th FIDE Olympiad 2024"]
[Site "Budapest"]
[Date "2024.09.16"]
[Round "6.77"]
[White "Mohammad Fahad, Rahman"]
[Black "Kozak, Adam"]
[Result "1/2-1/2"]
[ECO "B74"]
[WhiteElo "2419"]
[BlackElo "2609"]
[Annotator "TA"]
[PlyCount "78"]
[EventDate "2024.09.05"]
[EventType "team-tourn"]
[EventCountry "HUN"]
[SourceTitle "playchess.com"]
[Source "ChessBase"]
[SourceQuality "1"]
[WhiteTeam "Bangladesh"]
[BlackTeam "Hungary B"]
[WhiteTeamCountry "BAN"]
[TimeControl "40/5400+30:1800+30"]

1. e4 c5 2. Nf3 d6 3. d4 cxd4 4. Nxd4 Nf6 5. Nc3 Nc6 6. Be2 g6 7. O-O Bg7 8. Nb3 O-O 9. Be3 a6 10. a4 Be6 11. f3 d5 12. exd5 Nxd5 13. Nxd5 Bxd5 14. c3 Rc8 15. Re1 Qd6 {[#] Hoping for ...Qe6.} 16. Bf1 Ne5 17. Bd4 Rfd8 18. Nd2 Bc6 19. Kh1 {[%cal Oe1e5] And now Rxe5! would win.} Bh6 {With the idea ...Bxd2.} 20. Nc4 (20. Rxe5 Bxd2 21. Qb3 (21. Qxd2 Qxe5 22. Kg1 Qf6 $19) 21... b5 (21... Bf4 22. Ree1 $17) 22. axb5 axb5) 20... Nxc4 21. Bxc4 e6 22. Qe2 Bg7 23. Bf2 Qf4 24. Be3 {Inhibits Rd2.} Qh4 25. Bb6 Rd6 {Threatening ...Bd7.} 26. a5 {[#]} (26. Bf2 $11 {remains equal.} Qg5 27. Be3) 26... Bf6 ({Of course not} 26... Bxf3 $6 27. Qxf3 Qxc4 28. Qxb7 $11) ({Better is} 26... Bh6 $1 $17 {next ...Bf4 is good for Black.} 27. Red1 Bf4) 27. Red1 {The position is equal.} Rxd1+ 28. Rxd1 Kg7 29. Bd3 Qf4 30. Re1 Bd8 31. Bd4+ Bf6 32. Bb6 Bd8 33. Bd4+ $1 Kg8 34. Be5 $1 {Dodges Bc7} Qh4 35. b4 Bf6 36. Bg3 Qg5 37. c4 Rd8 (37... Bc3 $5 38. Rb1 $8 Ba4 $14) 38. b5 Be8 39. Bc7 Rc8 {Weighted Error Value: White=0.09 (flawless) /Black=0.06 (flawless) .  Mistake:       	White=1     	Black=2      Inaccurate:     	White=1     	---        OK:         	White=12    	Black=13     Strong:       	White=2     	---} (39... Rd7 $11 {keeps the balance.} 40. Bb6 axb5) 1/2-1/2

[Event "45th FIDE Olympiad 2024"]
[Site "Budapest"]
[Date "2024.09.16"]
[Round "6.77"]
[White "Moncur, Cecil"]
[Black "Muhammed, Shuaau"]
[Result "0-1"]
[WhiteElo "1839"]
[BlackElo "2052"]
[PlyCount "70"]
[EventDate "2024.09.05"]
[EventType "team-tourn"]
[EventCountry "HUN"]
[WhiteTeam "Bahamas"]
[BlackTeam "Maldives"]
[WhiteTeamCountry "BAH"]
[BlackTeamCountry "MDV"]
[TimeControl "40/5400+30:1800+30"]

1. d4 Nf6 2. c4 g6 3. Nc3 Bg7 4. e4 d6 5. f4 c5 6. d5 O-O 7. Nf3 e6 8. Be2 exd5 9. cxd5 Nbd7 10. e5 dxe5 11. fxe5 Ng4 12. Bg5 Qb6 13. O-O c4+ 14. Kh1 Ndxe5 15. Nxe5 Nxe5 16. Be7 Re8 17. d6 Bf5 18. Nd5 Qxb2 19. Nc7 Rad8 20. Nxe8 Rxe8 21. Rxf5 gxf5 22. d7 Nxd7 23. Rb1 Qe5 24. Bxc4 Qxe7 25. h3 Ne5 26. Bd5 b6 27. Qh5 Rd8 28. Bb3 f4 29. Rf1 f3 30. gxf3 Ng6 31. Rg1 Qf6 32. Bc2 Rd2 33. Bb3 Qb2 34. Bxf7+ Kxf7 35. Qf5+ Bf6 {0-} 0-1

[Event "45th FIDE Olympiad 2024"]
[Site "Budapest"]
[Date "2024.09.16"]
[Round "6.78"]
[White "Banusz, Tamas"]
[Black "Manon, Reja Neer"]
[Result "1-0"]
[ECO "A05"]
[WhiteElo "2605"]
[BlackElo "2417"]
[Annotator "TA"]
[PlyCount "75"]
[EventDate "2024.09.05"]
[EventType "team-tourn"]
[EventCountry "HUN"]
[SourceTitle "playchess.com"]
[Source "ChessBase"]
[SourceQuality "1"]
[WhiteTeam "Hungary B"]
[BlackTeam "Bangladesh"]
[BlackTeamCountry "BAN"]
[TimeControl "40/5400+30:1800+30"]

1. Nf3 Nf6 2. g3 b5 3. Bg2 Bb7 4. O-O e6 5. d3 Be7 6. e4 d6 7. Nd4 a6 8. Nb3 c6 9. d4 {White is slightly better.} Nbd7 10. a4 c5 {[#]} 11. e5 $1 Nd5 $1 12. exd6 Bxd6 13. axb5 axb5 14. Na3 c4 {...Bxa3 would now be deadly.} 15. Nxb5 Be7 16. Rxa8 Bxa8 17. Nd2 Qa5 18. Na3 (18. Nxc4 $2 {is the wrong capture.} Qxb5 19. Nd2 Qa6 $19) 18... c3 19. Ndc4 Qa6 20. Qd3 ({White should try} 20. bxc3 $14 O-O 21. Qd3) 20... Bxa3 21. Nxa3 Qxd3 22. cxd3 {Threatens to win with bxc3.} cxb2 23. Bxb2 O-O 24. Nc4 N5b6 25. f3 Bd5 26. Ne3 Bb7 27. Ba3 Ra8 28. Bc5 Na4 29. Rb1 Bc6 30. Rc1 Rc8 31. Bb4 Nab6 {[#]} 32. d5 $1 Nxd5 (32... Bxd5 33. Rxc8+) 33. Nxd5 exd5 34. Bh3 {White is more active.} Bb7 $2 {[%mdl 8192] This move loses the game for Black.} (34... h5 $16) 35. Re1 Bc6 {[#]} 36. Re7 $1 {White is clearly winning.} f5 37. Bxf5 {Black must now prevent Be6+.} Rd8 38. Be6+ {Weighted Error Value: White=0.10 (very precise) /Black=0.32.  Loses game:     	---       	Black=1      Mistake:       	White=1     	---        Inaccurate:     	White=2     	Black=6      OK:         	White=15    	Black=9      Best:        	White=1     	Black=1      Strong:       	White=1     	Black=1} 1-0

[Event "45th FIDE Olympiad 2024"]
[Site "Budapest"]
[Date "2024.09.16"]
[Round "6.78"]
[White "Mohamed, Hassan"]
[Black "Ferguson, Joseph"]
[Result "1-0"]
[WhiteElo "1880"]
[BlackElo "1797"]
[PlyCount "53"]
[EventDate "2024.09.05"]
[EventType "team-tourn"]
[EventCountry "HUN"]
[WhiteTeam "Maldives"]
[BlackTeam "Bahamas"]
[WhiteTeamCountry "MDV"]
[BlackTeamCountry "BAH"]
[TimeControl "40/5400+30:1800+30"]

1. d4 f5 2. c4 Nf6 3. Nc3 e6 4. d5 Bb4 5. dxe6 Bxc3+ 6. bxc3 dxe6 7. Qxd8+ Kxd8 8. Bg5 Ke7 9. Nf3 h6 10. Bf4 Na6 11. Ne5 Re8 12. h4 Nd7 13. f3 Kf6 14. g4 fxg4 15. Nxg4+ Kf7 16. Ne5+ Nxe5 17. Bxe5 c6 18. Rg1 g6 19. O-O-O Nc5 20. Bh3 b6 21. Rd6 Ba6 22. h5 g5 23. f4 Bxc4 24. fxg5 Bxe2 25. gxh6 Nd3+ 26. Rxd3 Bxd3 27. Rg7+ 1-0

[Event "45th FIDE Olympiad 2024"]
[Site "Budapest"]
[Date "2024.09.16"]
[Round "6.79"]
[White "Hossain, Enamul"]
[Black "Antal, Gergely"]
[Result "1/2-1/2"]
[ECO "B33"]
[WhiteElo "2354"]
[BlackElo "2544"]
[Annotator "TA"]
[PlyCount "84"]
[EventDate "2024.09.05"]
[EventType "team-tourn"]
[EventCountry "HUN"]
[SourceTitle "playchess.com"]
[Source "ChessBase"]
[SourceQuality "1"]
[WhiteTeam "Bangladesh"]
[BlackTeam "Hungary B"]
[WhiteTeamCountry "BAN"]
[TimeControl "40/5400+30:1800+30"]

1. e4 c5 2. Nf3 Nc6 3. d4 cxd4 4. Nxd4 Nf6 5. Nc3 e5 6. Ndb5 d6 7. Bg5 a6 8. Na3 b5 9. Bxf6 gxf6 10. Nd5 f5 11. c3 Bg7 12. exf5 Bxf5 13. Nc2 O-O 14. Nce3 Bd7 15. Bd3 f5 16. Qh5 e4 17. Bc2 {White has an edge.} Kh8 18. O-O Qe8 19. Qh4 Ne5 20. Nb6 Ra7 21. Nxd7 Rxd7 22. Qh3 d5 {Threatening ...f4.} 23. f3 f4 24. Nf5 Ng6 (24... Nxf3+ $11 25. gxf3 Qg6+ 26. Kh1 Qxf5 27. Qxf5 Rxf5) 25. Rae1 $14 e3 {[#]} (25... Qc8 $14) 26. Nxe3 $1 $18 Re7 27. Bxg6 Qxg6 28. Nxd5 Rxe1 29. Rxe1 Qc2 30. Qh4 (30. Ne7 $18) 30... Qxb2 $14 {[#] Strongly threatening ...Qd2.} 31. h3 $2 (31. Nxf4 $16 {and life is bright.} Bxc3 32. Ng6+ Kg8 33. Nxf8 Bxe1 34. Qxe1 Kxf8 35. h3) 31... Bxc3 $4 (31... Qd2 $19 {and life is good for Black.} 32. Nxf4 Rxf4 (32... Qxf4 $2 33. Qxf4 Rxf4 34. Re8+ Rf8 35. Re6 $19) 33. Re8+ Rf8) 32. Re7 $2 (32. Nxc3 $18 {[%cal Oe1e7] Threatening mate with Re7!} Qxc3 33. Re6) 32... Bg7 {Threatens to win with ...Qd4+.} 33. Kh2 (33. Nxf4 $2 {too greedy.} Qc1+ (33... Qxa2 $2 34. Ng6+ Kg8 35. Nxf8 $18) 34. Kh2 Qxf4+ $19) 33... Qd4 (33... Qb1 $1 $11) 34. Qg5 $16 {White is more active.} Bf6 35. Nxf6 (35. Qxf4 $2 {is the wrong capture.} Qxf4+ (35... Qxd5 $2 36. Re2 $19) 36. Nxf4 Bxe7 $19) 35... Qxf6 36. Qxf6+ (36. Qc5 $16) 36... Rxf6 {[%mdl 4096] Endgame. KR-KR} 37. h4 Rc6 38. Ra7 h5 {The position is equal.} 39. a3 Kg8 40. Kh3 Rd6 41. Kh2 Rc6 42. Kh3 Rd6 {White really could win this.   Weighted Error Value: White=0.42/Black=0.41.  Loses game:     	White=1     	---        Missed win:     	White=1     	Black=1      Mistake:       	White=2     	Black=3      Inaccurate:     	White=1     	---        OK:         	White=12    	Black=11     Best:        	White=1     	Black=3      Brilliant:      	White=1     	---} 1/2-1/2

[Event "45th FIDE Olympiad 2024"]
[Site "Budapest"]
[Date "2024.09.16"]
[Round "6.79"]
[White "Whyms, Chapell"]
[Black "Hussain, Nimal"]
[Result "1/2-1/2"]
[WhiteElo "1701"]
[BlackElo "1805"]
[PlyCount "157"]
[EventDate "2024.09.05"]
[EventType "team-tourn"]
[EventCountry "HUN"]
[WhiteTeam "Bahamas"]
[BlackTeam "Maldives"]
[WhiteTeamCountry "BAH"]
[BlackTeamCountry "MDV"]
[TimeControl "40/5400+30:1800+30"]

1. d4 Nf6 2. c4 d5 3. cxd5 Nxd5 4. e4 Nf6 5. Nc3 e6 6. Nf3 c5 7. Bg5 h6 8. Be3 cxd4 9. Nxd4 Be7 10. Bc4 O-O 11. e5 Nfd7 12. f4 Qc7 13. Be2 a6 14. Rc1 Nc6 15. Nxc6 bxc6 16. O-O Rd8 17. Qc2 Bb7 18. Na4 Rac8 19. Bf3 c5 20. Bxb7 Qxb7 21. b3 Rc6 22. Nb2 Rdc8 23. Nc4 Qb5 24. Qe4 Nb6 25. Nxb6 Qxb6 26. Rc4 a5 27. Rfc1 Qb5 28. Kf2 R8c7 29. g3 Qb8 30. Ra4 Qb5 31. Rcc4 Rd7 32. Ke1 Rc8 33. Rc1 Rcd8 34. Rac4 Rc8 35. Qc2 Rdc7 36. Qb2 Qc6 37. Kf2 Qb5 38. Qa3 Kf8 39. Bd2 Ra8 40. R1c2 Ra6 41. Qc1 Rac6 42. Qe1 Ra6 43. Qe4 Kg8 44. b4 axb4 45. Bxb4 Rac6 46. Kg2 Rc8 47. a4 Qa6 48. a5 Bd8 49. Bd2 Be7 50. Qe3 Qb5 51. Qa3 Ra6 52. Kh3 Qb1 53. Qc1 Qxc1 54. Rxc1 Rca8 55. Ra1 Rd8 56. Ra2 Rda8 57. Be1 h5 58. Kg2 Kf8 59. Kf3 Ke8 60. Ke4 Rd8 61. Rb2 Rd7 62. Rb8+ Rd8 63. Rxd8+ Kxd8 64. Kd3 Kc7 65. Ra4 Kc6 66. Kc4 Bd8 67. Bf2 Rxa5 68. Rxa5 Bxa5 69. Bxc5 Be1 70. Bf8 g6 71. Be7 Bf2 72. Bh4 Bg1 73. h3 Bf2 74. Kd3 Kd5 75. Ke2 Bg1 76. Kf3 Kd4 77. Bf6 Be3 78. Bg5 Bc1 79. Bf6 1/2-1/2